[Event "Team 45 45 League T52"]
[Site "Internet Chess Club"]
[Date "2012.02.28"]
[Round "2"]
[White "CamLeslie"]
[Black "eurander"]
[Result "1/2-1/2"]
[WhiteElo "1812"]
[BlackElo "2154"]
[Opening "English: symmetrical variation"]
[ECO "A30"]
[Time "18:01:51"]
[TimeControl "2700+45"]

1. c4 c5 2. Nf3 Nc6 3. Nc3 e5 4. d3 g6 5. g3 Bg7 6. Bg2 Nge7 7. O-O O-O 8. Ne1
a6 9. Nc2 Rb8 10. a4 d6 11. Ne3 Nb4 12. Ned5 Nbxd5 13. Nxd5 b5 14. axb5 axb5 15.
Ra7 Nxd5 16. Bxd5 Qb6 17. Ra3 Bb7 18. Bxb7 Qxb7 19. b3 Ra8 20. e4 b4 21. Rxa8
Rxa8 22. Bb2 Ra2 23. Qb1 Qa8 24. Rd1 Bh6 25. Kf1 f5 26. Kg1 f4 27. Kg2 Ra7 28.
g4 f3+ 29. Kxf3 Qc8 30. h3 Bf4 31. Ke2 h5 32. Rg1 g5 33. f3 Rh7 34. Rh1 Qf8 35.
Qa1 Rf7 36. Rf1 Rh7 37. Rh1 Rf7 38. Rf1 Rh7 39. Rh1 {Game drawn by repetition}
1/2-1/2

[Event "Team 45 45 League T52"]
[Site "Internet Chess Club"]
[Date "2012.02.24"]
[Round "2"]
[White "kidviper"]
[Black "PJ"]
[Result "1/2-1/2"]
[WhiteElo "1998"]
[BlackElo "1743"]
[Opening "QGD"]
[ECO "D30"]
[Time "11:03:55"]
[TimeControl "2700+45"]

1. d4 d5 2. c4 e6 3. Nf3 Nf6 4. Bg5 Be7 5. Nc3 c6 6. e3 Nbd7 7. cxd5 Nxd5 8.
Nxd5 Bxg5 9. Nxg5 cxd5 10. h4 Qa5+ 11. Qd2 Qxd2+ 12. Kxd2 h6 13. Nf3 Nf6 14. Bd3
Bd7 15. Ne5 Rc8 16. f3 Ke7 17. g4 g5 18. Rh2 Rhg8 19. hxg5 hxg5 20. Rh6 Be8 21.
b4 Nd7 22. a4 f6 23. Rh7+ Kd6 24. Nf7+ Bxf7 25. Rxf7 Rgf8 26. Rxf8 Nxf8 27. Rh1
Rc7 28. Rh8 Rf7 29. a5 Nd7 30. b5 b6 31. a6 Nf8 32. Bb1 Ke7 33. Rh1 Kd6 34. Rc1
Rc7 35. Rxc7 Kxc7 36. f4 Kd6 37. Ke2 Nd7 38. Bd3 {Game drawn by mutual
agreement} 1/2-1/2

[Event "Team 45 45 League T52"]
[Site "Internet Chess Club"]
[Date "2012.02.26"]
[Round "2"]
[White "AntonioMendonca"]
[Black "kidcobra"]
[Result "1-0"]
[WhiteElo "1644"]
[BlackElo "1697"]
[Opening "Caro-Kann: Goldman (Spielmann) variation"]
[ECO "B11"]
[Time "17:14:28"]
[TimeControl "2700+45"]

1. e4 c6 2. Nc3 d5 3. Qf3 d4 4. Bc4 e6 5. Nce2 c5 6. Qg3 Nc6 7. Nf3 a6 8. d3 Nf6
9. a4 Nh5 10. Qh3 Nf6 11. e5 Nd5 12. O-O Be7 13. Qg3 Kf8 14. Bd2 Bd7 15. Bxd5
exd5 16. h3 Bf5 17. b4 b6 18. a5 bxa5 19. bxa5 Rb8 20. Rfb1 Rxb1+ 21. Rxb1 h6
22. Rb6 Qa8 23. e6 Qc8 24. exf7 Kxf7 25. Rxc6 Qb7 26. Rb6 Qc8 27. Ne5+ Kg8 28.
Nf4 Qa8 29. Neg6 Bxg6 30. Nxg6 Qa7 31. Nxh8 Kxh8 32. Qb8+ Qxb8 33. Rxb8+ Kh7 34.
Rb6 c4 35. Rxa6 cxd3 36. cxd3 g5 37. Ra7 g4 38. a6 gxh3 39. Rxe7+ Kg6 40. gxh3
Kh5 41. a7 Kh4 42. a8=Q h5 43. Qf8 Kxh3 44. Qf3+ Kh4 45. Qg3# {Black checkmated}
1-0

[Event "Team 45 45 League T52"]
[Site "Internet Chess Club"]
[Date "2012.03.03"]
[Round "2"]
[White "julesraider"]
[Black "Signalman"]
[Result "1-0"]
[WhiteElo "1603"]
[BlackElo "1535"]
[Opening "Old Indian: Ukrainian variation"]
[ECO "A53"]
[Time "09:19:49"]
[TimeControl "2700+45"]

1. d4 Nf6 2. c4 d6 3. Nc3 e5 4. e4 exd4 5. Qxd4 Nc6 6. Qd1 g6 7. g3 Bg7 8. Bg2
O-O 9. Nge2 Be6 10. b3 Nd7 11. O-O Rb8 12. Bb2 a5 13. Qd2 f5 14. Nd5 Bxb2 15.
Qxb2 Bxd5 16. exd5 Nb4 17. Nf4 Qf6 18. Qd2 b6 19. Ne6 Rfc8 20. Rfe1 Nc5 21. Rab1
Ncd3 22. Re2 Ne5 23. f4 Nd7 24. Rbe1 Na6 25. Ng5 Nac5 26. Ne6 Nf8 27. Nd4 Qf7
28. Nc6 Ra8 29. Ne7+ Kg7 30. Nxc8 Rxc8 31. Re7 {Black resigns} 1-0

[Event "Team 45 45 League T52"]
[Site "Internet Chess Club"]
[Date "2012.02.23"]
[Round "2"]
[White "DarkFlow"]
[Black "fishhead"]
[Result "1-0"]
[WhiteElo "1850"]
[BlackElo "1761"]
[Opening "Alekhine's defense: modern, fianchetto variation"]
[ECO "B04"]
[Time "12:04:36"]
[TimeControl "2700+45"]

1. e4 Nf6 2. e5 Nd5 3. d4 d6 4. Nf3 g6 5. Bc4 Nb6 6. Bb3 Bg7 7. Ng5 O-O 8. e6 f6
9. Nf7 Qe8 10. d5 c6 11. c4 Na6 12. Nc3 Nc5 13. Nh6+ Kh8 14. h4 Nxe6 15. dxe6
Bxe6 16. Qe2 Qd7 17. O-O Rae8 18. Re1 Bf5 19. g4 Bxh6 20. Bxh6 Bxg4 21. f3 Bh5
22. Bxf8 Qh3 23. Qg2 Qxh4 24. Bxe7 Nd7 25. Re4 {Black resigns} 1-0

[Event "Team 45 45 League T52"]
[Site "Internet Chess Club"]
[Date "2012.02.23"]
[Round "2"]
[White "IshanR"]
[Black "ghostfire"]
[Result "0-1"]
[WhiteElo "1838"]
[BlackElo "1772"]
[Opening "Vienna gambit"]
[ECO "C29"]
[Time "20:03:46"]
[TimeControl "2700+45"]

1. e4 e5 2. Nc3 Nf6 3. f4 d5 4. fxe5 Nxe4 5. Nf3 Bg4 6. Be2 Bxf3 7. Bxf3 Qh4+ 8.
g3 Nxg3 9. hxg3 Qxg3+ 10. Kf1 Nc6 11. d4 Nxd4 12. Bxd5 Bc5 13. Qe1 Qxe1+ {White
resigns} 0-1

[Event "Team 45 45 League T52"]
[Site "Internet Chess Club"]
[Date "2012.02.25"]
[Round "2"]
[White "Egmont"]
[Black "mongmong"]
[Result "1-0"]
[WhiteElo "1766"]
[BlackElo "1587"]
[Opening "Queen's pawn"]
[ECO "A40"]
[Time "06:11:05"]
[TimeControl "2700+45"]

1. d4 e6 2. Bf4 Nf6 3. e3 c5 4. c3 b6 5. Nf3 Be7 6. h3 Bb7 7. Be2 O-O 8. O-O d6
9. Nbd2 Nbd7 10. Nc4 Ne4 11. Nfd2 Nxd2 12. Nxd2 e5 13. dxe5 dxe5 14. Bg3 Bh4 15.
Bxh4 Qxh4 16. Nf3 Qe7 17. Bb5 Rfd8 18. Qa4 Bxf3 19. gxf3 Nf6 20. f4 exf4 21.
Qxf4 Rd6 22. Rfd1 Rad8 23. Rxd6 Qxd6 24. Qf3 Qd5 25. Qe2 Qd2 26. Re1 Qxe2 27.
Rxe2 Kf8 28. f3 Nd5 29. Rd2 Ke7 30. Bc4 Nf6 31. Rxd8 Kxd8 32. Bxf7 Ke7 33. Bc4
Nd7 34. f4 Nf6 35. Kg2 Ne4 36. Bd3 Nf6 37. e4 h6 38. Kf3 Ne8 39. e5 Nc7 40. Bc4
{Black resigns} 1-0

[Event "Team 45 45 League T52"]
[Site "Internet Chess Club"]
[Date "2012.03.03"]
[Round "2"]
[White "Deckfuel"]
[Black "megaj"]
[Result "1/2-1/2"]
[WhiteElo "1924"]
[BlackElo "1980"]
[Opening "Caro-Kann defense"]
[ECO "B15"]
[Time "11:00:20"]
[TimeControl "2700+45"]

1. e4 c6 2. d4 d5 3. Nc3 dxe4 4. Nxe4 Nf6 5. Ng3 e5 6. Nf3 exd4 7. Nxd4 Bc5 8.
Qe2+ Be7 9. Be3 O-O 10. O-O-O Qa5 11. Kb1 Rd8 12. Bd2 Bb4 13. Nb3 Qd5 14. a3 Bf8
15. f3 Na6 16. Ne4 Nxe4 17. fxe4 Qe5 18. g3 Be6 19. Bg2 Bxb3 20. cxb3 Nc5 21.
Bf4 Qe6 22. b4 Nb3 23. h4 c5 24. Bh3 Rxd1+ 25. Qxd1 Qxe4+ 26. Ka2 Nd4 27. bxc5
Re8 28. Rh2 Bxc5 {Game drawn by mutual agreement} 1/2-1/2

[Event "Team 45 45 League T52"]
[Site "Internet Chess Club"]
[Date "2012.02.24"]
[Round "2"]
[White "parpin"]
[Black "Goli"]
[Result "1/2-1/2"]
[WhiteElo "1944"]
[BlackElo "1918"]
[Opening "Nimzovich-Larsen attack: modern variation"]
[ECO "A01"]
[Time "15:45:07"]
[TimeControl "2700+45"]

1. b3 e5 2. Bb2 d6 3. e3 Nf6 4. Be2 g6 5. f4 exf4 6. exf4 Bg7 7. Nf3 O-O 8. O-O
Nc6 9. d4 Bf5 10. c4 Nb4 11. Nh4 Bxb1 12. Rxb1 Nxa2 13. Bf3 c6 14. Ra1 Nb4 15.
Bc3 a5 16. Re1 Nh5 17. Bxb4 Qxh4 18. Bxd6 Rfe8 19. Be5 Nxf4 20. g3 Nh3+ 21. Kg2
Qh6 22. Bxg7 Kxg7 23. Rxa5 Rxa5 24. Rxe8 Ng5 25. Bg4 f5 26. Qe1 fxg4 27. Qe7+
Nf7 28. Qf8+ Kf6 29. Qe7+ Kg7 30. Qf8+ {Game drawn by mutual agreement} 1/2-1/2

[Event "Team 45 45 League T52"]
[Site "Internet Chess Club"]
[Date "2012.02.25"]
[Round "2"]
[White "justice02"]
[Black "ramirozp"]
[Result "0-1"]
[WhiteElo "1789"]
[BlackElo "1756"]
[Opening "QGD: semi-Slav"]
[ECO "D31"]
[Time "08:24:18"]
[TimeControl "2700+45"]

1. d4 d5 2. c4 e6 3. Nc3 c6 4. g3 dxc4 5. Bg2 Nf6 6. Nf3 Nbd7 7. O-O Nd5 8. e4
Nxc3 9. bxc3 Be7 10. e5 O-O 11. Nd2 Qa5 12. Qc2 Nb6 13. Bb2 Bd7 14. Rfe1 Rab8
15. Bf1 Qa4 16. Qe4 Rfc8 17. Rec1 c5 18. Qe2 cxd4 19. cxd4 c3 20. Bxc3 Ba3 21.
Ne4 Bxc1 22. Rxc1 Nd5 23. Nc5 Nxc3 24. Rxc3 Qxd4 25. Rc4 Bb5 26. Rxd4 Bxe2 27.
Bxe2 Rxc5 28. f4 Rc1+ 29. Bd1 Ra1 30. a4 h6 31. Kg2 Kf8 32. Be2 Ke7 33. Kh3 Rd8
34. Rb4 b6 35. Bb5 Rd2 36. Rc4 Kd8 37. Kg4 Rxh2 38. Rd4+ Kc8 39. Ba6+ Kc7 40.
Rc4+ Kd8 41. Rd4+ Ke7 42. Bb5 f5+ 43. exf6+ Kxf6 44. Rd5 exd5 {White resigns}
0-1

[Event "Team 45 45 League T52"]
[Site "Internet Chess Club"]
[Date "2012.02.26"]
[Round "2"]
[White "lechuguita"]
[Black "randallsr"]
[Result "1-0"]
[WhiteElo "1578"]
[BlackElo "1734"]
[Opening "French: Winawer, classical variation"]
[ECO "C18"]
[Time "12:01:16"]
[TimeControl "2700+45"]

1. e4 e6 2. d4 d5 3. Nc3 Bb4 4. e5 c5 5. a3 Bxc3+ 6. bxc3 Qc7 7. Nf3 Ne7 8. Bd3
h6 9. O-O Nd7 10. a4 cxd4 11. cxd4 Nb6 12. Ba3 a6 13. Bd6 Qc6 14. a5 Nc4 15.
Bxe7 Kxe7 16. h3 b5 17. axb6 Nxb6 18. Qe2 Nc4 19. Rfc1 Bd7 20. c3 Rhb8 21. Nd2
Rb2 22. Bxc4 dxc4 23. Qd1 Qd5 24. Rcb1 Bc6 25. f3 Rxb1 26. Qxb1 Qb5 27. Qc2 g6
28. Rb1 Qd5 29. Qa2 Bb5 30. Ne4 Kf8 31. Qd2 Kg7 32. Nd6 Rf8 33. Rb4 f5 34. Qb2
Rb8 35. Rxc4 Bxc4 36. Qxb8 Qc6 37. Qd8 Bb5 38. Qe7+ Kg8 39. Qf7+ Kh8 40. c4 Bxc4
41. Qf8+ Kh7 42. Nf7 g5 43. Qh8+ Kg6 44. Qf6+ Kh7 45. Qxh6+ Kg8 46. Qg6+ Kf8 47.
Nd6 Qd7 48. Qf6+ Kg8 49. Qxg5+ Kh8 50. Qf6+ Kg8 51. Qg5+ Kf8 52. Qh4 Bd5 53.
Qh8+ Ke7 54. Nc8+ Kf7 55. Qh7+ Ke8 56. Nd6+ Kd8 57. Qh4+ Kc7 58. Qg5 Qa4 59.
Qc1+ Qc6 60. Qe1 Qb6 61. Qc3+ Qc6 62. Qa5+ Kd7 63. Qd2 Qa4 64. h4 Qa1+ 65. Kh2
Qf1 66. Qh6 Kc6 67. Qf8 Kb6 68. Qc8 Ka5 69. Qc5+ Ka4 70. Qc2+ Ka5 71. Qd2+ Ka4
72. h5 Bxf3 73. gxf3 Qxf3 74. Qa2+ Kb4 75. Qc4+ Ka3 76. Qxa6+ Kb2 77. Nc4+ Kc1
78. Qa1+ Kc2 79. Qb2+ Kd3 80. Qb3+ Ke2 81. Qxf3+ Kxf3 82. h6 Ke4 83. h7 Kxd4 84.
h8=Q Kxc4 85. Qf6 Kd5 86. Kg3 Ke4 87. Qxe6 f4+ 88. Kf2 f3 89. Qf6 {Black
resigns} 1-0

[Event "Team 45 45 League T52"]
[Site "Internet Chess Club"]
[Date "2012.02.28"]
[Round "2"]
[White "chess9793"]
[Black "grabuark"]
[Result "0-1"]
[WhiteElo "2173"]
[BlackElo "2151"]
[Opening "Sicilian: dragon, classical, Richter variation"]
[ECO "B73"]
[Time "22:00:17"]
[TimeControl "2700+45"]

1. e4 c5 2. Nf3 d6 3. d4 cxd4 4. Nxd4 Nf6 5. Nc3 g6 6. Be2 Bg7 7. O-O O-O 8. Be3
Nc6 9. Qd2 Bd7 10. f4 Rc8 11. Kh1 Na5 12. Rad1 Nc4 13. Bxc4 Rxc4 14. Qd3 Rc8 15.
Nde2 Qa5 16. Bg1 Bg4 17. Rd2 Rfd8 18. Nc1 Be6 19. Nb3 Qh5 20. Rfd1 Qg4 21. Qe3
Nh5 22. Rf1 Bh6 23. g3 Bc4 24. Qf3 Qh3 25. Rff2 Nf6 26. Rd1 Be6 27. Re1 d5 28.
Qg2 Nxe4 29. Nxe4 dxe4 30. Rfe2 Qxg2+ 31. Kxg2 Bg4 32. Rf2 Bf3+ 33. Kf1 Bg7 34.
c3 f5 35. h3 b6 36. Nd2 Rd3 37. Nxf3 exf3 38. Rxe7 Bd4 39. Rd2 Rxd2 40. Bxd4
Rxb2 41. Rg7+ Kf8 42. Rxh7 Re8 43. Be5 Rxa2 44. g4 g5 45. gxf5 gxf4 46. Rh8+ Ke7
47. f6+ Kf7 48. Rh7+ Ke6 49. Bd4 Kf5 50. Be5 Kxe5 51. Re7+ Kxf6 52. Rxe8 Kg5 53.
Rf8 a5 54. c4 a4 55. Ra8 Kh4 56. Rh8+ Kg3 57. Rg8+ Kxh3 58. Ra8 a3 59. Ra7 Kg3
60. Rg7+ Kh4 61. Rh7+ Kg4 62. Rg7+ Kf5 63. Ra7 Ke4 64. Ra8 Kd4 65. c5 Kxc5 66.
Rc8+ Kd4 67. Rd8+ Kc4 68. Rc8+ Kb4 69. Rf8 f2 70. Rxf4+ Ka5 71. Rf3 b5 72. Kg2
Ka4 73. Rf4+ b4 74. Rf8 Rb2 75. Ra8+ Kb3 76. Re8 a2 77. Re3+ Ka4 {White resigns}
0-1

[Event "Team 45 45 League T52"]
[Site "Internet Chess Club"]
[Date "2012.02.25"]
[Round "2"]
[White "Tobiasdelmonte"]
[Black "elmaestro"]
[Result "0-1"]
[WhiteElo "1734"]
[BlackElo "1895"]
[Opening "King's Indian: fianchetto without c4"]
[ECO "A49"]
[Time "23:45:22"]
[TimeControl "2700+45"]

1. d4 Nf6 2. Nf3 g6 3. g3 Bg7 4. Bg2 O-O 5. O-O d5 6. Nbd2 c6 7. Re1 Bf5 8. c3
Nbd7 9. Nf1 Be4 10. Qb3 Qc8 11. N1d2 Bf5 12. Nh4 Be6 13. Qa3 Re8 14. e4 dxe4 15.
Nxe4 Bd5 16. Nxf6+ Nxf6 17. Rxe7 Bf8 18. Rxe8 Qxe8 19. b4 Qe1+ 20. Bf1 Ne4 21.
Qb2 Nxc3 22. Be3 Ne2+ 23. Qxe2 Qxa1 24. Ng2 b5 25. Qd2 Qb1 26. Nf4 Bxb4 27. Qe2
Bc4 28. Nd3 Bxd3 29. Qxd3 Qxa2 30. h4 Re8 31. Bg2 Qa1+ 32. Kh2 Qc3 33. Qb1 a5
34. Bxc6 Qxc6 {White resigns} 0-1

[Event "Team 45 45 League T52"]
[Site "Internet Chess Club"]
[Date "2012.02.26"]
[Round "2"]
[White "leland"]
[Black "abiatti"]
[Result "1-0"]
[WhiteElo "1861"]
[BlackElo "1763"]
[Opening "French: Tarrasch, Guimard main line"]
[ECO "C04"]
[Time "19:51:46"]
[TimeControl "2700+45"]

1. e4 e6 2. d4 d5 3. Nd2 Nc6 4. Ngf3 Nf6 5. e5 Nd7 6. Nb3 f6 7. exf6 Nxf6 8. Bf4
Be7 9. c3 O-O 10. Bd3 Bd7 11. Qc2 a5 12. Bg3 Qe8 13. O-O Qh5 14. Rae1 Bd6 15.
Ne5 Rae8 16. Nd2 Re7 17. Ndf3 g5 18. Nxc6 bxc6 19. Ne5 Ng4 20. Be2 Bxe5 21. dxe5
{Black resigns} 1-0

[Event "Team 45 45 League T52"]
[Site "Internet Chess Club"]
[Date "2012.02.26"]
[Round "2"]
[White "Goli"]
[Black "browndeer"]
[Result "1-0"]
[WhiteElo "1921"]
[BlackElo "1543"]
[Opening "Scotch game"]
[ECO "C45"]
[Time "16:00:23"]
[TimeControl "2700+45"]

1. e4 e5 2. Nf3 Nc6 3. d4 exd4 4. Nxd4 Ne5 5. f4 c5 6. Nf5 Nc6 7. Bb5 Qa5+ 8.
Nc3 Nge7 9. Nd6+ Kd8 10. Nxf7+ Ke8 11. Nxh8 g6 12. Bc4 Nd8 13. O-O Bg7 14. Nxg6
hxg6 15. Nd5 b5 16. Nxe7 Kxe7 17. Bd5 Rb8 18. f5 gxf5 19. exf5 Bd4+ 20. Kh1 Kf6
21. c3 Be5 22. Qh5 Ke7 23. f6+ Bxf6 24. Rxf6 Kxf6 25. Bg5+ Kg7 26. Qh6# {Black
checkmated} 1-0

[Event "Team 45 45 League T52"]
[Site "Internet Chess Club"]
[Date "2012.02.26"]
[Round "2"]
[White "CuatroPrincesas"]
[Black "King-Ghost"]
[Result "0-1"]
[WhiteElo "2148"]
[BlackElo "2181"]
[Opening "French: Tarrasch"]
[ECO "C03"]
[Time "16:04:36"]
[TimeControl "2700+45"]

1. e4 e6 2. d4 d5 3. Nd2 h6 4. Bd3 c5 5. Ngf3 Nf6 6. e5 Nfd7 7. c3 Nc6 8. O-O
Qb6 9. a3 g5 10. h3 Be7 11. dxc5 Nxc5 12. Bc2 h5 13. g4 hxg4 14. hxg4 Bd7 15. b4
Na6 16. Nb3 O-O-O 17. Qe2 Rh3 18. Kg2 Rdh8 19. Be3 Qc7 20. Bd4 f5 21. b5 fxg4
22. Ng1 Rh2+ 23. Kg3 Nxe5 24. Bxe5 Bd6 25. Rfe1 Nc5 26. Nxc5 Qxc5 27. Bxd6 Qxd6+
28. Qe5 Qf8 29. Re2 Qh6 30. Kxg4 Rf8 {White resigns} 0-1

[Event "Team 45 45 League T52"]
[Site "Internet Chess Club"]
[Date "2012.02.25"]
[Round "2"]
[White "LittleWarrior"]
[Black "Fezzik"]
[Result "0-1"]
[WhiteElo "1978"]
[BlackElo "2135"]
[Opening "QGD Slav: Carlsbad variation"]
[ECO "D17"]
[Time "21:31:10"]
[TimeControl "2700+45"]

1. Nf3 d5 2. d4 Nf6 3. c4 c6 4. Nc3 dxc4 5. a4 Bf5 6. Ne5 Nbd7 7. Nxc4 Qc7 8. g3
e5 9. dxe5 Nxe5 10. Bf4 Nfd7 11. Nxe5 Nxe5 12. Bg2 Rd8 13. Qb3 Bd6 14. O-O O-O
15. Rac1 Qe7 16. Be3 Be6 17. Qc2 Nc4 18. Bxa7 b6 19. Ne4 Bb4 20. Qb1 f5 21. Rxc4
Bxc4 22. Bxb6 Rb8 23. Qc2 Bd5 24. Bc5 Bxe4 25. Bxe7 Bxc2 26. Bxf8 Bxf8 27. Bxc6
Rxb2 28. Bd5+ Kh8 29. Ra1 Rb1+ 30. Rxb1 Bxb1 31. a5 g6 32. f4 Kg7 33. Kg2 Kf6
34. Kf3 Bc5 35. e4 Bd3 36. e5+ Ke7 37. Bb7 Kd7 38. a6 Kc7 39. g4 Kb6 40. gxf5
Bxf5 41. Kg2 Bb4 42. Kf3 Bc5 43. Kg2 Be3 44. Kf3 Bg1 45. Kg2 Bd4 46. Kf3 h6 47.
Kg2 Bd7 48. Kf3 Be6 49. Kg2 Bf5 50. Kf3 Bg1 51. Kg2 Bc5 52. Kf3 Bd4 53. Kg2 Bd3
54. Kf3 Bg1 55. Kg2 Bc5 56. Kf3 Bf5 57. Kg2 g5 58. Kf3 g4+ 59. Kg3 Bb4 60. Kf2
Bd2 61. Kg3 Be1+ 62. Kg2 h5 63. Bd5 Kxa6 {White resigns} 0-1

[Event "Team 45 45 League T52"]
[Site "Internet Chess Club"]
[Date "2012.02.25"]
[Round "2"]
[White "Truxton"]
[Black "upsan"]
[Result "0-1"]
[WhiteElo "1912"]
[BlackElo "1875"]
[Opening "Caro-Kann: advance variation"]
[ECO "B12"]
[Time "20:01:15"]
[TimeControl "2700+45"]

1. e4 c6 2. d4 d5 3. e5 c5 4. c3 Nc6 5. Nf3 cxd4 6. cxd4 Bf5 7. Bd3 Bxd3 8. Qxd3
e6 9. a3 Qb6 10. Nc3 Nge7 11. O-O Ng6 12. Be3 Be7 13. Ne2 O-O 14. Nd2 f5 15. g3
a6 16. h4 f4 17. Nxf4 Nxf4 18. gxf4 Bxh4 19. Kg2 Rf5 20. Rh1 Be7 21. Nf1 g6 22.
Ng3 Rf7 23. b4 Raf8 24. Rh3 Qb5 25. Qc2 Qc4 26. Qxc4 dxc4 27. Rc1 b5 28. Ne4 Rd8
29. Rd1 Rff8 30. Nc3 Rd7 31. d5 exd5 32. Nxd5 Rfd8 33. Nxe7+ Nxe7 34. Rdh1 Nd5
35. Re1 Nxe3+ 36. Rhxe3 Rd1 37. Rxd1 Rxd1 38. e6 Rd8 39. f5 gxf5 40. Rg3+ Kf8
41. e7+ Kxe7 42. Rg7+ Kf6 43. Rxh7 Rc8 44. Kf3 c3 45. Rh1 c2 46. Rc1 Ke5 47. Ke3
f4+ 48. Kd2 Ke4 49. Ke2 f3+ 50. Kd2 Kd4 51. Rxc2 Rxc2+ 52. Kxc2 Kc4 53. Kd2 Kb3
54. Ke3 Kxa3 55. Kxf3 Kxb4 56. Ke4 Kc3 {White resigns} 0-1

[Event "Team 45 45 League T52"]
[Site "Internet Chess Club"]
[Date "2012.02.25"]
[Round "2"]
[White "viking99"]
[Black "Portola"]
[Result "1-0"]
[WhiteElo "1854"]
[BlackElo "1755"]
[Opening "French: Rubinstein variation"]
[ECO "C10"]
[Time "20:01:05"]
[TimeControl "2700+45"]

1. e4 e6 2. d4 d5 3. Nc3 dxe4 4. Nxe4 Be7 5. Nf3 Nd7 6. Bd3 Ngf6 7. O-O O-O 8.
c3 b6 9. Qe2 Bb7 10. Re1 Re8 11. Neg5 h6 12. Nxf7 Qb8 13. Qxe6 Bd5 14. Nxh6+ Kf8
15. Qf5 Bd6 16. Bg5 Bxf3 17. Qxf3 c5 18. Ng4 Qd8 19. Nxf6 Nxf6 20. Rxe8+ Qxe8
21. Bxf6 Bxh2+ 22. Kxh2 gxf6 23. Qxf6+ Qf7 24. Qxf7+ Kxf7 25. dxc5 {Black
resigns} 1-0

[Event "Team 45 45 League T52"]
[Site "Internet Chess Club"]
[Date "2012.02.26"]
[Round "2"]
[White "chiiwen"]
[Black "HomerSimpson"]
[Result "1-0"]
[WhiteElo "2206"]
[BlackElo "2067"]
[Opening "Owen defense"]
[ECO "B00"]
[Time "19:35:41"]
[TimeControl "2700+45"]

1. e4 b6 2. d4 Bb7 3. Nd2 e6 4. Bd3 Nf6 5. Qe2 c5 6. Ngf3 d5 7. e5 Nfd7 8. c3
Nc6 9. a3 Be7 10. O-O O-O 11. Re1 a6 12. Nf1 b5 13. Bc2 Qb6 14. Qd3 g6 15. Bh6
Rfc8 16. h4 b4 17. h5 b3 18. Bb1 cxd4 19. hxg6 hxg6 20. cxd4 a5 21. N1h2 a4 22.
Ng4 Bf8 23. Qe3 Ne7 24. Bxf8 Kxf8 25. Qh6+ Ke8 26. Qh8+ {Black resigns} 1-0

[Event "Team 45 45 League T52"]
[Site "Internet Chess Club"]
[Date "2012.02.26"]
[Round "2"]
[White "Lucas"]
[Black "pmcglothin"]
[Result "1/2-1/2"]
[WhiteElo "2171"]
[BlackElo "1948"]
[Opening "King's Indian, 3.Nf3"]
[ECO "E60"]
[Time "11:02:05"]
[TimeControl "2700+45"]

1. d4 Nf6 2. Nf3 g6 3. c4 Bg7 4. b4 O-O 5. Bb2 d5 6. e3 a5 7. a3 axb4 8. axb4
Rxa1 9. Bxa1 Nbd7 10. Qb3 dxc4 11. Bxc4 e6 12. O-O Nb6 13. Be2 Bd7 14. Nbd2 Bc6
15. Rc1 Ne4 16. Qc2 Nxd2 17. Nxd2 Qd7 18. Nc4 Nxc4 19. Qxc4 Rc8 20. b5 Bd5 21.
Qc2 b6 22. Bb2 Bf8 23. Bc4 Bxc4 24. Qxc4 Qd5 25. Qxd5 exd5 26. Kf1 Bd6 27. Ke2
Ra8 28. Ra1 Rxa1 29. Bxa1 f5 30. h3 Kf7 31. Kd3 Ke6 32. f3 Bb4 33. e4 dxe4+ 34.
fxe4 fxe4+ 35. Kxe4 Kd6 36. d5 Be1 37. Be5+ Kd7 38. g3 Bb4 {Game drawn by mutual
agreement} 1/2-1/2

[Event "Team 45 45 League T52"]
[Site "Internet Chess Club"]
[Date "2012.02.26"]
[Round "2"]
[White "Bonneville"]
[Black "sonoftill"]
[Result "1/2-1/2"]
[WhiteElo "1864"]
[BlackElo "1859"]
[Opening "Sicilian: Alapin's variation (2.c3)"]
[ECO "B22"]
[Time "15:01:38"]
[TimeControl "2700+45"]

1. e4 c5 2. c3 Nc6 3. d4 d5 4. dxc5 dxe4 5. Qxd8+ Nxd8 6. Bb5+ Nc6 7. Bf4 Bd7 8.
b4 a6 9. Ba4 h6 10. Nd2 g5 11. Be3 f5 12. Ne2 Bg7 13. Nc4 Ne5 14. Bxd7+ Nxd7 15.
Rd1 Rc8 16. Rxd7 Kxd7 17. Nb6+ Kc7 18. Nxc8 Kxc8 19. a4 e5 20. b5 axb5 21. axb5
Nf6 22. c6 bxc6 23. bxc6 Kc7 24. O-O Rb8 25. Ra1 Ne8 26. Ba7 Rb2 27. Ng3 Nd6 28.
Bc5 Bf8 29. Bxd6+ Bxd6 30. Nxf5 Bc5 31. Ne3 Bxe3 {Game drawn by mutual
agreement} 1/2-1/2

[Event "Team 45 45 League T52"]
[Site "Internet Chess Club"]
[Date "2012.02.25"]
[Round "2"]
[White "Bubacik"]
[Black "chess9793"]
[Result "0-1"]
[WhiteElo "2199"]
[BlackElo "2192"]
[Opening "King's Indian: London system"]
[ECO "A48"]
[Time "13:00:34"]
[TimeControl "2700+45"]

1. Nf3 Nf6 2. d4 g6 3. Bf4 Bg7 4. e3 O-O 5. Bd3 d5 6. O-O c5 7. c3 Nc6 8. Nbd2
b6 9. a4 Bb7 10. h3 e6 11. Re1 Nd7 12. Bb5 a6 13. Bxc6 Bxc6 14. a5 bxa5 15. Bd6
Re8 16. dxc5 e5 17. e4 Rc8 18. b4 axb4 19. cxb4 Ra8 20. Qb3 d4 21. Nc4 Bb5 22.
Na5 Re6 23. Qd5 Nb6 24. Qb7 Nd7 25. Nc6 Bxc6 26. Qxc6 Bf8 27. Qc7 Bxd6 28. cxd6
Qxc7 29. dxc7 Rc8 30. Rec1 Rb6 31. Rc4 f6 32. Rac1 Kf7 33. Ne1 g5 34. Nd3 Nf8
35. g3 Ne6 36. f4 gxf4 37. gxf4 exf4 38. e5 Rb7 39. exf6 Rbxc7 40. Rxc7+ Rxc7
41. Rxc7+ Nxc7 42. Nxf4 Kxf6 43. Kf2 Ke5 44. Kf3 Nd5 45. Nd3+ Kf5 46. Kf2 h5 47.
Kf3 h4 48. Kf2 Nf4 49. Nc5 Nxh3+ 50. Kf1 Nf4 51. Nxa6 h3 52. Kg1 d3 53. Kh2 d2
{White resigns} 0-1

[Event "Team 45 45 League T52"]
[Site "Internet Chess Club"]
[Date "2012.02.26"]
[Round "2"]
[White "gaibo4ever"]
[Black "BlazekaMatej"]
[Result "0-1"]
[WhiteElo "2050"]
[BlackElo "2178"]
[Opening "Ruy Lopez: Berlin defense, open variation"]
[ECO "C67"]
[Time "10:30:26"]
[TimeControl "2700+45"]

1. e4 e5 2. Nf3 Nc6 3. Bb5 Nf6 4. O-O Nxe4 5. d4 Nd6 6. Bxc6 dxc6 7. dxe5 Nf5 8.
Qxd8+ Kxd8 9. Nc3 Bd7 10. h3 h6 11. b3 Ne7 12. Bb2 Ng6 13. Rad1 Kc8 14. Ne2 Be7
15. Rd2 c5 16. c4 a5 17. a4 Ra6 18. Rfd1 Be6 19. Nc3 Rb6 20. Nb5 c6 21. Nd6+
Bxd6 22. exd6 Kd7 23. Rd3 Bxc4 24. bxc4 Rxb2 25. h4 Re8 26. Re3 Rxe3 27. fxe3 f6
28. h5 Ne5 29. Nh4 Nxc4 30. Nf5 Rd2 31. Rc1 Nxd6 32. Nxg7 c4 33. Rf1 c3 {White
resigns} 0-1

[Event "Team 45 45 League T52"]
[Site "Internet Chess Club"]
[Date "2012.02.25"]
[Round "2"]
[White "parpin"]
[Black "wilson97"]
[Result "1-0"]
[WhiteElo "1956"]
[BlackElo "1847"]
[Opening "Nimzovich-Larsen attack: modern variation"]
[ECO "A01"]
[Time "14:28:10"]
[TimeControl "2700+45"]

1. b3 e5 2. Bb2 Nc6 3. e3 d6 4. Be2 g6 5. f4 Bg7 6. Nf3 f6 7. O-O Nge7 8. c4 O-O
9. Nc3 Be6 10. d4 exd4 11. exd4 Bf5 12. Bd3 Bxd3 13. Qxd3 Nb4 14. Qd2 d5 15. a3
Nbc6 16. c5 Re8 17. b4 a6 18. Rfe1 Qd7 19. Re2 Nf5 20. Rae1 Rxe2 21. Rxe2 Kf7
22. Nd1 Re8 23. Ne3 Nxe3 24. Rxe3 Rxe3 25. Qxe3 Qf5 26. Bc3 Qb1+ 27. Kf2 Qa2+
28. Bd2 Qb2 29. f5 gxf5 30. Qf4 Kg8 31. Qxc7 Nxd4 32. Qd8+ {Black resigns} 1-0

[Event "Team 45 45 League T52"]
[Site "Internet Chess Club"]
[Date "2012.02.25"]
[Round "2"]
[White "Uwak"]
[Black "Paulkov"]
[Result "1-0"]
[WhiteElo "2464"]
[BlackElo "2351"]
[Opening "Benoni: Taimanov variation"]
[ECO "A67"]
[Time "21:11:30"]
[TimeControl "2700+45"]

1. d4 Nf6 2. c4 c5 3. d5 e6 4. Nc3 exd5 5. cxd5 d6 6. e4 g6 7. f4 Bg7 8. Bb5+
Nfd7 9. Bd3 Qh4+ 10. g3 Qe7 11. Nf3 O-O 12. O-O Nb6 13. f5 N8d7 14. Bg5 f6 15.
Be3 Ne5 16. Nxe5 Qxe5 17. Qd2 g5 18. b4 c4 19. Be2 Bd7 20. a4 Qe8 21. a5 Na4 22.
Nxa4 Bxa4 23. Rfc1 b5 24. axb6 axb6 25. Rxc4 b5 26. Rd4 Qb8 27. Rc1 Rc8 28. Rc6
Bf8 29. Rd3 Re8 30. Bf3 Qb7 31. Rdc3 Rac8 32. Qc1 Rxc6 33. dxc6 Qc7 34. Qd2 Be7
35. Bh5 Ra8 36. Qd5+ {Black resigns} 1-0